 Dungeon Crawl Stone Soup version 0.30-a0-639-g3916f1956a (webtiles) character file.

Game seed: 6619442429154986456

17 voltaire321 the Ducker (level 2, 0/22 HPs)
             Began as a Demonspawn Gladiator on Jan 16, 2023.
             Slain by a goblin
             ... wielding a +0 club
             ... led by Robin
              (2 damage)
             ... on level 2 of the Dungeon.
             The game lasted 00:00:55 (389 turns).

voltaire321 the Ducker (Demonspawn Gladiator)        Turns: 389, Time: 00:00:56

Health: 0/22       AC:  4    Str: 14    XL:     2   Next: 44%
Magic:  2/2        EV: 12    Int:  9    God:
Gold:   0          SH:  0    Dex: 14    Spells: 1/1 levels left

rFire   . . .      SeeInvis .    a - +0 war axe
rCold   . . .      Faith    .    (no shield)
rNeg    . . .      Spirit   .    b - +0 leather armour
rPois   .          Reflect  .    c - +0 helmet
rElec   .          Harm     .    (no cloak)
rCorr   .          Rampage  .    (no gloves)
Will    .....                    (no boots)
Stlth   +                        (no amulet)
HPRegen 0.23/turn                (no ring)
MPRegen 0.08/turn                (no ring)

@: no status effects
A: powered by death 1
a: no special abilities


You were on level 2 of the Dungeon.
You visited 1 branch of the dungeon, and saw 2 of its levels.

Inventory:

Hand Weapons
 a - a +0 war axe (weapon)
Missiles
 d - 3 throwing nets (quivered)
 e - a javelin
Armour
 b - a +0 leather armour (worn)
 c - a +0 helmet (worn)
Scrolls
 f - a scroll of identify {unknown}
 g - a scroll of fog {unknown}
 i - a scroll of immolation {unknown}
 j - a scroll of fear {unknown}
Potions
 h - a potion of attraction {unknown}


   Skills:
 + Level 2.3 Fighting
 + Level 2.9 Axes
 - Level 1.7 Throwing
 + Level 0.7 Armour
 + Level 2.9 Dodging


You had one spell level left.
You didn't know any spells.
Your spell library was empty.

Dungeon Overview and Level Annotations

Branches:
Dungeon (1/15)

Altars:

Annotations:
D:2 Robin


Innate Abilities, Weirdness & Mutations

You regenerate a little health from kills.


Message History

You slash the hobgoblin!
You kill the hobgoblin!
You miss the goblin. You slash the goblin!
You kill the goblin!
You slash the goblin!
You kill the goblin!
Things that are here:
a +0 dagger; a goblin corpse You see here a +0 dagger.
Robin laughs in a distinctly smug fashion.
Robin hits you with a +3 spear.
You completely miss Robin. Robin hits you with a +3 spear.
You hit Robin but do no damage. Robin hits you with a +3 spear.
You hit Robin.
Robin is lightly wounded.
Robin hits you with a +3 spear. x2
* * * LOW HITPOINT WARNING * * *
The goblin shouts!
You hit Robin.
Robin is lightly wounded.
You hear a shout! x4
Robin throws the goblin at you!
You hear a shout!
You barely miss Robin.
Robin is lightly wounded.
You hit the goblin.
You hear a shout!
Robin hits you with a +3 spear.
* * * LOW HITPOINT WARNING * * *
The goblin barely misses you.
You closely miss Robin.
Robin is lightly wounded.
You closely miss the goblin.
Robin roars a battlecry!
The goblin goes into a battle-frenzy!
The goblin barely misses you.
A goblin comes into view. It is wielding a +0 club.
The goblin hits you with a +0 club.
You die...

#.# #.#
###############.#
............†...#
#........###..#
#.##..##.###..###
#.###.##..##.........
#.....gg..#####.....#
#####.##@## ##...##
#. #g#######..## .g
#).........# #..
##########.


#gg ##g #g You could see Robin and 2 goblins.

Vanquished Creatures
  2 dart slugs (D:1)
  An endoplasm (D:2)
  A giant cockroach (D:2)
  2 goblins (D:2)
  A hobgoblin (D:2)
  2 kobolds (D:1)
  A quokka (D:1)
  A rat (D:1)
11 creatures vanquished.

Notes
Turn   | Place    | Note
-------+----------+-------------------------------------------
     0 | D:1      | voltaire321 the Demonspawn Gladiator began the quest for
                  | the Orb.
     0 | D:1      | Reached XP level 1. HP: 16/16 MP: 1/1
   138 | D:1      | Gained mutation: You regenerate a little health from kills.
                  | [demonic ancestry]
   138 | D:1      | Reached XP level 2. HP: 14/22 MP: 2/2
   238 | D:1      | You fall into a shaft and drop 1 floor!
   371 | D:2      | Noticed Robin
   389 | D:2      | Slain by a goblin

Illustrated notes

Levels and vault maps discovered:
D:1:      sevenhm_arrival_forest_fort_large_2, layout_loops_cross,
          minmay_tromino_v4_c
D:2:      layout_loops_corners, hellmonk_ecumenical_altar_crossroads,
          solitary_fountain, uniq_jessica, uniq_terence, uniq_robin

Action                   || total
-------------------------++-------
Melee: War axe           ||    33
Armor: Leather armour    ||     8
Dodge: Dodged            ||    19

Table legend: (Time is in decaauts)
 A = Elapsed time spent in this place.
 B = Non-inter-level travel time spent in this place.
 C = Inter-level travel time spent in this place.
 D = Time resting spent in this place.
 E = Time spent auto-exploring this place.
 F = Levels seen in this place.
 G = Mean time per level.
                   A        B        C        D        E       F      G
               +--------+--------+--------+--------+--------+-----+--------+
         Total |    400 |    400 |      0 |      0 |    297 |   2 |  200.0 |
       Dungeon |    400 |    400 |      0 |      0 |    297 |   2 |  200.0 |
               +--------+--------+--------+--------+--------+-----+--------+

Top non-repeatable levels by time:
     D:1: 245 daAuts
     D:2: 155 daAuts
